 Dungeon Crawl Stone Soup version 0.20-a0-947-g2784f4f (webtiles) character file.

44 Bances the Vexing (level 3, 16/16 HPs)
             Began as a Spriggan Enchanter on Apr 3, 2017.
             Quit the game on level 2 of the Dungeon.
             The game lasted 00:06:48 (2555 turns).

Bances the Vexing (Spriggan Enchanter)              Turns: 2555, Time: 00:06:49

Health: 16/16      AC:  2    Str:  4    XL:     3   Next: 41%
Magic:  9/9        EV: 18    Int: 17    God:
Gold:   71         SH:  0    Dex: 16    Spells: 0/9 levels left

rFire    . . .     SeeInvis +   g - +2 dagger (venom)
rCold    . . .     Gourm    .   (shield restricted)
rNeg     . . .     Faith    .   b - +0 robe
rPois    .         Spirit   .   (helmet restricted)
rElec    .         Reflect  .   (no cloak)
rCorr    .         Harm     .   (gloves unavailable)
MR       .....                  (boots unavailable)
Stlth    +++.......             (no amulet)
Regen    0.1/turn               p - ring of wizardry
MPRegen  0.2/turn               (no ring)

@: very quick
A: unfitting armour, see invisible, herbivore 3, speed 3, slow metabolism 2
a: no special abilities


You were on level 2 of the Dungeon.
You were not hungry.

You visited 1 branch of the dungeon, and saw 2 of its levels.

You collected 71 gold pieces.

Inventory:

Hand Weapons
 a - a +1 dagger
 g - a +2 dagger of venom (weapon)
 l - a +0 dagger of venom
 q - a +1 dagger of venom
Armour
 b - a +0 robe (worn)
Jewellery
 p - a ring of wizardry (left hand)
Wands
 o - a wand of lightning (0/15)
Scrolls
 e - 2 scrolls of identify
 h - a scroll of remove curse
Potions
 i - 2 potions of curing
 j - 3 potions of lignification
 n - 3 potions of heal wounds
Books
 c - a book of Maledictions

   Spells                             Type                      Level
   a - Corona                         Hexes                        1
   b - Ensorcelled Hibernation        Hexes/Ice                    2
   c - Confuse                        Hexes                        3
   d - Tukima's Dance                 Hexes                        3
   e - Dazzling Spray                 Conjuration/Hexes            3
Comestibles
 d - a bread ration
 f - 2 royal jellies


   Skills:
 - Level 1.1 Short Blades
 - Level 3.0 Dodging
 - Level 4.4 Stealth
 + Level 3.9 Spellcasting
 + Level 4.6 Hexes


You couldn't memorise any spells.
You knew the following spells:

 Your Spells              Type           Power        Failure   Level  Hunger
a - Ensorcelled Hibernat  Hex/Ice        ##....       4%          2    ##.....
b - Corona                Hex            ###....      1%          1    None
c - Confuse               Hex            ###.....     4%          3    ###....
d - Tukima's Dance        Hex            ###.....     4%          3    ###....


Dungeon Overview and Level Annotations

Branches:
Dungeon (2/15)

Altars:
Fedhas
Zin


Innate Abilities, Weirdness & Mutations

You are very small and have problems with some larger weapons.
You are too small for most types of armour.
You have supernaturally acute eyesight. (SInv)
You are a herbivore.
You cover ground extremely quickly.
You need consume almost no food.


Message History

Your magical contamination has completely faded away.
Evoke which item? (* to show all) (? for menu, Esc to quit)
Aiming: Lightning Bolt
Press: ? - help, Shift-Dir - straight line You hear a mighty clap of thunder!
This wand has 2 charges left.
Evoke which item? (* to show all) (? for menu, Esc to quit)
Aiming: Lightning Bolt
Press: ? - help, Shift-Dir - straight line You hear a mighty clap of thunder!
This wand has 1 charge left.
Evoke which item? (* to show all) (? for menu, Esc to quit)
Aiming: Lightning Bolt
Press: ? - help, Shift-Dir - straight line You hear a mighty clap of thunder!
This wand has 0 charges left.
Unknown command.
Unknown command.
Unknown command.
Are you sure you want to abandon this character and quit the game? (Confirm with "yes".)

##### ####...# #
#######..#...###### #
#....##.@#._.'....# #
#....##..#...#....# #
#...†#####...#..(.# ####
######....### #####....####...
####...........### ##.........##
.....####........####......######
....## #..........#..###### #.
....# #.........##[.# #. ....#
#....(.†..#..## ####.


There were no monsters in sight!

Vanquished Creatures
  An ooze (D:2)
  2 worms (D:2)
  A dart slug (D:1)
  A ball python (D:1)
  5 giant cockroaches
  5 goblins
  4 hobgoblins
  2 bats
  2 frilled lizards (D:1)
  3 kobolds (D:2)
  5 rats
31 creatures vanquished.

Notes
Turn   | Place    | Note
-------+----------+-------------------------------------------
     0 | D:1      | Bances the Spriggan Enchanter began the quest for the Orb.
     0 | D:1      | Reached XP level 1. HP: 9/9 MP: 5/5
   523 | D:1      | Reached XP level 2. HP: 13/13 MP: 2/7
   527 | D:1      | Learned a level 2 spell: Ensorcelled Hibernation
  1847 | D:2      | Reached XP level 3. HP: 12/16 MP: 9/9
  2131 | D:2      | Found a blossoming altar of Fedhas.
  2138 | D:2      | Learned a level 3 spell: Confuse
  2142 | D:2      | Learned a level 3 spell: Tukima's Dance
  2492 | D:2      | Found a glowing silver altar of Zin.
  2555 | D:2      | Quit the game

Vault maps used:
D:1:      ncdulo_smallfort
D:2:      zin_scriptorium, fedhas_altar_2

Skill      XL: |  1  2 |
---------------+-------+-----
Spellcasting   | 3 |  3.9
Hexes          | 4 |  4.6
Short Blades   | |  1.1
Dodging        | |  3.0
Stealth        | |  4.4

Action                   || total
-------------------------++-------
Melee: Dagger            ||    85
 Cast: Corona            ||     6
       Ensorcelled Hiber ||    10
Evoke: Wand              ||     5
  Use: Scroll            ||     7
 Stab: Sleeping          ||    14
Armor: Robe              ||     7
Dodge: Dodged            ||    62
